 Dungeon Crawl Stone Soup version 0.30.1-3-gfc49f6343a (webtiles) character file.

Game seed: 7461334402013181744

259070 Steelrune the Warrior (level 19, -10/145 HPs)
             Began as a Gargoyle Fighter on Aug 1, 2023.
             Was the Champion of Jiyva.
             Mangled by a caustic shrike (14 damage)
             ... on level 4 of the Depths on Aug 3, 2023.
             The game lasted 05:14:37 (29974 turns).

Steelrune the Warrior (Gargoyle Fighter)           Turns: 29974, Time: 05:14:38

Health: -10/145    AC: 45    Str: 27    XL:     19   Next: 37%
Magic:  23/24      EV: 13    Int: 12    God:    Jiyva [******]
Gold:   1721       SH: 23    Dex:  9    Spells: 18/18 levels left

rFire   . . .        a - +5 war axe (protect)
rCold   + . .        V - +0 tower shield "Rujun" {Int+5}
rNeg    + + +        W - +6 chain mail "Mamp" {rN++ rCorr}
rPois   ∞            o - +1 helmet
rElec   +            k - +0 cloak
rCorr   +            u - +0 pair of gloves
SInv    +            (no boots)
Will    +++..        b - amulet "Yveuluom" {Reflect +Inv rElec rC+ Will+ Int-3 SH+5} Stlth
                     e - +5 ring of evasion
HPRegen 3.64/turn    Q - +4 ring of protection
MPRegen 0.69/turn

%: reflection
@: corroded, under a protective aura, flying
A: sickness immunity, AC +14, big wings, negative energy resistance 1,
electricity resistance, torment resistance 1, petrification resistance,
iridescent scales 1, high MP 3, strong-willed 1, sense surroundings 3,
regeneration 2, robust 1, eyeballs 3, pseudopods 2, translucent skin 2,
MP-powered wands, engulf
}: 3/15 runes: barnacled, slimy, gossamer
a: Renounce Religion, Evoke Invisibility, Oozemancy, Slimify


You were on level 4 of the Depths.
You worshipped Jiyva.
Jiyva was exalted by your worship.
You visited 7 branches of the dungeon, and saw 38 of its levels.
You visited the Abyss 1 time.
You also visited: Sewer.

You collected 2201 gold pieces.
You spent 480 gold pieces at shops.

Inventory:

Hand Weapons
 a - a +5 war axe of protection (weapon)
 f - a +3 heavy broad axe
 n - a +4 war axe of flaming
 E - the +6 shillelagh "Devastator" {shatter}
   (You found it on level 10 of the Dungeon)
 F - a +3 demon trident of freezing
 K - the +5 battleaxe "Aderr" {flame, rElec Str+2}
   (You took it off a rakshasa on level 1 of the Depths)

   Str:       It affects your strength (+2).
   rElec:     It insulates you from electricity.
 N - a +2 spectral war axe
 O - a +1 flail of holy wrath
 P - the +9 whip "Gaxevan" {venom, rCorr}
   (You found it on level 11 of the Dungeon)

   rCorr:     It protects you from acid and corrosion.
 Z - a +5 war axe
Missiles
 j - 4 curare-tipped darts
 v - 3 silver boomerangs
 I - 11 poisoned darts (quivered)
Armour
 c - a +0 buckler of reflection
 k - a +0 cloak (worn)
 o - a +1 helmet (worn)
 s - +0 ice dragon scales
 t - +0 fire dragon scales
 u - a +0 pair of gloves (worn)
 V - the +0 tower shield "Rujun" (worn) {Int+5}
   (You took it off Louise on level 14 of the Dungeon)

   Int:       It affects your intelligence (+5).
 W - the +6 chain mail "Mamp" (worn) {rN++ rCorr}
   (You found it on level 5 of the Pits of Slime)

   rN:        It greatly protects you from negative energy.
   rCorr:     It protects you from acid and corrosion.
Jewellery
 b - the amulet "Yveuluom" (around neck) {Reflect +Inv rElec rC+ Will+ Int-3 SH+5}
   (You found it on level 13 of the Dungeon)

   [amulet of reflection]

   It reflects blocked missile attacks.
   Int:       It affects your intelligence (-3).
   rC:        It protects you from cold.
   rElec:     It insulates you from electricity.
   +Inv:      It lets you turn invisible.
   SH:        It affects your SH (+5).
   Will:      It increases your willpower.
 e - a +5 ring of evasion (left hand)
 J - a ring of protection from cold
 Q - a +4 ring of protection (right hand)
Wands
 g - a wand of polymorph (17)
 i - a wand of paralysis (1)
 m - a wand of quicksilver (6)
 y - a wand of flame (17)
 H - a wand of roots (5)
Scrolls
 q - 6 scrolls of fog
 w - 3 scrolls of amnesia
 x - 5 scrolls of teleportation
 z - 3 scrolls of identify
 A - 2 scrolls of immolation
 C - 2 scrolls of magic mapping
 G - a scroll of enchant weapon
 S - a scroll of poison
 X - 2 scrolls of enchant armour
Potions
 d - 2 potions of haste
 l - 2 potions of berserk rage
 p - 3 potions of magic
 r - a potion of curing
 B - 3 potions of ambrosia
 D - 2 potions of invisibility
 R - 2 potions of brilliance
 Y - 3 potions of heal wounds
Miscellaneous
 h - a phantom mirror
 L - a lightning rod (4/4)


   Skills:
 * Level 19.0 Fighting
 + Level 18.8 Axes
 - Level 6.2 Throwing
 + Level 17.1 Armour
 + Level 17.1 Shields
 - Level 7.6 Evocations


You had 18 spell levels left.
You didn't know any spells.
Your spell library contained the following spells:

 Spells                   Type           Power      Damage    Failure   Level
 Apportation              Tloc           0%         N/A       88%         1
 Beastly Appendage        Tmut           0%         N/A       88%         1
 Shock                    Conj/Air       0%         1d3       88%         1
 Wereblood                Tmut           0%         N/A       95%         2
 Gell's Gravitas          Tloc           0%         N/A       99%         3
 Hailstorm                Conj/Ice       0%         3d3       99%         3
 Spider Form              Tmut/Pois      0%         N/A       99%         3
 Summon Guardian Golem    Hex/Summ       0%         N/A       99%         3
 Swiftness                Air            0%         N/A       99%         3
 Teleport Other           Tloc           0%         N/A       99%         3
 Volatile Blastmotes      Fire/Tloc      0%         2d10      99%         3
 Airstrike                Air            0%         2d(0-16)  100%        4
 Fulminant Prism          Conj/Hex       0%         3d5       100%        4
 Iskenderun's Mystic Bla  Conj/Tloc      0%         2d3       100%        4
 Olgreb's Toxic Radiance  Pois           0%         N/A       100%        4
 Petrify                  Tmut/Erth      0%         N/A       100%        4
 Alistair's Intoxication  Tmut/Pois      0%         N/A       100%        5
 Blade Hands              Tmut           0%         N/A       100%        5
 Borgnjor's Vile Clutch   Necr/Erth      0%         N/A       100%        5
 Irradiate                Conj/Tmut      0%         3d11      100%        5
 Lee's Rapid Deconstruct  Erth           0%         3d4*      100%        5
 Summon Forest            Summ/Tloc      0%         N/A       100%        5
 Summon Mana Viper        Hex/Summ       0%         N/A       100%        5
 Dispersal                Tloc           0%         N/A       100%        6
 Eringya's Noxious Bog    Tmut/Pois      0%         N/A       100%        6
 Simulacrum               Ice/Necr       0%         N/A       100%        6
 Summon Cactus Giant      Summ           0%         N/A       100%        6
 Dragon Form              Tmut           0%         N/A       100%        7
 Orb of Destruction       Conj           0%         9d5       100%        7
 Ozocubu's Refrigeration  Ice            0%         4d7       100%        7
 Spellforged Servitor     Conj/Summ      0%         N/A       100%        7
 Discord                  Hex            0%         N/A       100%        8
 Ignition                 Fire           0%         3d3       100%        8
 Polar Vortex             Ice            0%         N/A       100%        9
 Sublimation of Blood     Necr           Unusable   N/A       N/A         2

Dungeon Overview and Level Annotations

Branches:
Dungeon (15/15)            Temple (0/1) D:7            Lair (5/5) D:10
 Shoals (4/4) Lair:2       Spider (4/4) Lair:3        Slime (5/5) Lair:5
    Orc (2/2) D:9             Elf (0/3) Orc:2        Vaults (0/5) D:13
 Depths (2/4) D:15          Sewer (visited)

Altars:
Dithmenos
Makhleb
Sif Muna
Uskayaw
Zin
The Shining One
Jiyva

Shops:
D:4 (   D:8 (   Orc:1 :!   Orc:2 =[:(*   Shoals:1 (

Portals:
Hell: Depths:1
Pandemonium: Depths:1
Ziggurat: Depths:4

Annotations:
Slime:5 Royal Jelly
Depths:1 2 transporters, exclusion: 2 orange crystal statues, Canneaw's ghost, veteran GnDe; Lyckin's ghost, adept DjFi


Innate Abilities, Weirdness & Mutations

You are immune to sickness and miasma.
Your stone body is resilient. (AC +14)
You are immune to poison.
Your large and strong wings let you fly.
You resist negative energy. (rN+)
You are resistant to electric shocks. (rElec)
You are resistant to unholy torment.
You are immune to petrification.
You are partially covered in iridescent scales. (AC +2)
You have a greatly increased reservoir of magic. (+30% MP)
You are strong-willed. (Will+)
You passively map a large area around you.
You heal very quickly.
You are robust. (+10% HP)
Your body is covered in eyes which may confuse attackers. (Acc +7, SInv)
Armour fits poorly on your large pseudopods.
Your translucent skin reduces your foes' accuracy. (Stealth+)
You expend magic power (3 MP) to strengthen your wands.
Your melee attacks may engulf your foes in ooze.


Message History

The caustic shrike claws you!
You are splashed with acid.
You resist.
The eyeballs on your body gaze at the caustic shrike.
Read: scroll of summoning
Press: ? - help, Q - select action, (/) - cycle Dir - look around, f - activate Look: a stone giant, quivering large rocks (moderately wounded)
As you read the scroll of summoning, it crumbles to dust.
Wisps of shadow whirl around you...
The caustic shrike is asphyxiated!
The caustic shrike seems less confused.
The caustic shrike is asphyxiated!
The caustic shrike claws you.
You are splashed with acid.
You resist.
The caustic shrike is no longer engulfed.
You block the caustic shrike's attack.
The caustic shrike claws you but does no damage. x2
The caustic shrike closely misses you. You block the caustic shrike's attack.
The caustic shrike claws you. The acid corrodes you!
You are splashed with acid.
You resist.
The caustic shrike claws the caustic shrike!
The caustic shrike is splashed with acid!
The caustic shrike claws you!
You are splashed with acid.
You resist. The fire dragon breathes flames at you.
The blast of flame hits you!!!
* * * LOW HITPOINT WARNING * * *
You shudder from the blast and a jelly pops out!
You hear a shout!
You hear a horrible gurgling sound!
You feel much better.
The caustic shrike is asphyxiated!
The caustic shrike closely misses you. The caustic shrike claws you!!
* * * LOW HITPOINT WARNING * * *
You are splashed with acid.
You resist.
* * * LOW HITPOINT WARNING * * *
You block the caustic shrike's attack. The caustic shrike claws you.
* * * LOW HITPOINT WARNING * * *
You are splashed with acid.
You resist.
* * * LOW HITPOINT WARNING * * *
The tengu warrior hits your deep troll with a +3 war axe! x2
The tengu warrior barely misses your deep troll.
The tengu warrior claws your deep troll but does no damage.
The caustic shrike claws you but does no damage.
You block the caustic shrike's attack. The caustic shrike misses you.
The caustic shrike claws you!
You die...

* ##+## * ...., ~ ,
##...## +........~ , ,, *
##.....## #......≈≈ ,,
###...#...## ##....D.≈≈ ,,
,
##...###...####T........,,
, <
#...#####...#...T..§§§..
,,, ,
##J##...##'##..#T...§...
,, , ,
...............#bbTT§≈§.,,
, ,
...............b@bCQ§§.. ,
, , ,
..).........#.CCJb......,,
,,
............#...##...... ,
,,,
..............###*...... ,
, , ..........##..#
,....., , ..........#...#
, ....., , ....###.##....#
, .... ~ , , ...##
####..#.# ,≈... ~ , ...# *
## ~ ~* *,,


You could see 5 caustic shrikes, a fire dragon (catching breath, ally target), a
stone giant (ally target), a tengu warrior (ally target), 2 friendly stone
giants, a friendly rockslime (summoned), 3 friendly deep trolls and 2 friendly
deep troll earth magi.

Vanquished Creatures
  Arachne (Spider:4)
  Jorgrun (Shoals:2)
  Rupert (D:13)
  A quicksilver dragon (Depths:4)
  2 krakens
  The ghost of Ullipcorian the Executioner, an adept HOFi of Okawaru (Shoals:1)
  Kirke (Spider:4)
  The ghost of spardeous the Transmogrifier, an adept DgEE (Shoals:1)
  Polyphemus (Shoals:3)
  Gastronok (D:9)
  A tengu reaver (Depths:1)
  2 ghost moths (Spider:4)
  3 emperor scorpions
  The ghost of Cassiopeia the Impaler, a journeyman MfGl of Gozag (Shoals:1)
  Louise (D:14)
  2 frost giants
  A draconian shifter (Depths:4)
  An orc warlord (Orc:1)
  2 stone giants (Depths:1)
  A war gargoyle (D:10)
  2 very ugly things (Depths:1)
  A vampire knight (Depths:1)
  The ghost of Ralil the Grappler, a journeyman TrFi of Okawaru (D:13)
  A yellow draconian (Depths:4)
  3 spark wasps
  The ghost of Murgh the Cleaver, a journeyman MiBe of Trog (Lair:4)
  A white draconian (Depths:4)
  Snorg (D:12)
  3 merfolk javelineers (Shoals:4)
  5 ettins
  A fire dragon (Depths:4)
  8 merfolk impalers
  An entropy weaver (Spider:1)
  3 rakshasas
  An ice dragon (Depths:1)
  3 hydras
  A spriggan air mage (Depths:4)
  A jorogumo (Spider:3)
  An alligator snapping turtle (Shoals:4)
  5 catoblepae
  4 satyrs
  2 ogre magi
  9 centaur warriors
  3 radroaches
  7 merfolk aquamancers
  9 two-headed ogres
  15 boulder beetles
  A merfolk avatar (Shoals:4)
  10 death yaks
  3 tengu warriors
  2 spriggan berserkers (Depths:4)
  Urug (Lair:4)
  A vampire mage (Depths:1)
  A deep elf knight (D:13)
  11 hell knights
  7 skysharks
  A quicksilver dragon simulacrum (Depths:1)
  2 sun moths
  13 sea snakes
  4 pharaoh ants
  4 orb spiders
  A steelbarb worm (Spider:2)
  A deep elf zephyrmancer (D:13)
  A golden dragon skeleton (Depths:1)
  An orange crystal statue (Depths:1)
  A flayed ghost (Depths:4)
  11 harpies
  7 orc knights
  Pikel (D:7)
  A tengu zombie (Depths:1)
  5 necromancers
  4 cyclopes
  23 ugly things
  A stone giant zombie (Depths:1)
  19 manticores
  15 wolf spiders
  26 fauns
  5 moths of wrath
  10 elephants
  6 black mambas
  11 merfolk sirens
  A demonic crawler (Spider:3)
  A gargoyle (D:10)
  Maggie (Lair:2)
  9 water nymphs
  A torpor snail (Spider:1)
  9 cane toads
  5 komodo dragons
  Psyche (D:12)
  3 rime drakes
  2 tengu conjurers
  25 merfolk
  5 trolls
  3 polar bears
  7 wind drakes
  21 tarantellas
  4 hornets
  Grinder (D:4)
  A queen bee (Lair:4)
  A meliai (Spider:4)
  28 blink frogs
  3 raiju (Abyss:1)
  A blink frog (shapeshifter) (D:15)
  7 snapping turtles
  8 dream sheep
  17 jumping spiders
  13 water elementals
  20 culicivoras
  A centaur simulacrum (D:13)
  7 wyverns
  A vampire (D:13)
  A shadow (D:12)
  2 large abominations (Abyss:1)
  A wraith (D:12)
  55 yaks
  3 basilisks
  47 redbacks
  A steam dragon (D:8)
  5 vampire mosquitoes
  Menkaure (D:7)
  3 acid dragons
  3 wargs (Orc:2)
  Duvessa (D:7)
  6 water moccasins
  30 orc warriors
  A glowing shapeshifter skeleton (Depths:1)
  4 ice beasts
  12 ogres
  5 wolves (Lair:3)
  9 centaurs
  A lemure (D:7)
  A phantom (D:5)
  Blork the orc (D:4)
  4 kobold brigands
  6 bullfrogs
  4 gnoll sergeants
  2 scorpions
  Dowan (D:7)
  4 wights (D:9)
  24 killer bees
  4 electric eels
  2 howler monkeys
  A crimson imp (D:7)
  5 small abominations (Abyss:1)
  A gnoll bouda (Orc:1)
  15 orc priests
  2 hounds
  12 orc wizards
  Ijyb (D:4)
  4 iguanas (D:6)
  12 adders
  20 gnolls
  A river rat (Sewer)
  2 shadow imps
  6 white imps
  3 ufetubi
  2 worms (D:2)
  3 dart slugs
  83 orcs
  2 endoplasms
  7 giant cockroaches
  9 goblins
  12 hobgoblins
  11 jackals
  33 kobolds
  2 quokkas (D:1)
  8 ball pythons
  3 bats (D:1)
  8 frilled lizards
  6 rats
  8 tentacles
1063 creatures vanquished.

Vanquished Creatures (collateral kills)
  A fire dragon (Depths:1)
  2 two-headed ogres
  An orc high priest (Orc:1)
  An orb spider (Spider:2)
  A wolf spider (Spider:4)
  An orc sorcerer (Orc:1)
  2 culicivoras (Spider:4)
  An ogre (Orc:1)
  A gnoll (Orc:1)
11 creatures vanquished.

Vanquished Creatures (others)
  An acid blob (Depths:2)
  The ghost of BaconRulez the Executioner, an adept MiBe of Trog (Depths:2)
  A rakshasa (D:15)
  A great orb of eyes (Abyss:1)
  A merfolk avatar (Shoals:4)
  2 centaur warriors
  A tengu warrior (D:13)
  A sea snake (shapeshifter) (D:15)
  A skyshark (Shoals:1)
  A glowing orange brain (D:15)
  An ugly thing (D:15)
  A manticore (D:14)
  An orc sorcerer (Orc:2)
  2 cyclopes
  A kobold demonologist (D:9)
  7 slime creatures
  A merfolk (Shoals:4)
  A centaur simulacrum (D:13)
  A shadow (D:12)
  A water elemental (D:13)
  3 humans (Spider:4)
  2 ogres
  A phantom (D:5)
  2 bullfrogs
  2 killer bees
  2 hounds
  103 jellies
  A quasit (D:5)
  An orc priest (Orc:1)
  An iguana (D:5)
  An orc wizard (D:3)
  4 gnolls
  2 adders
  A white imp (D:8)
  An ufetubus (D:5)
  A worm (D:4)
  9 orcs
  2 giant cockroaches (D:4)
  2 hobgoblins (D:4)
  A jackal (Sewer)
  2 ball pythons
  2 rats
  22 tentacles
196 creatures vanquished.

Grand Total: 1270 creatures vanquished

Notes
Turn   | Place    | Note
-------+----------+-------------------------------------------
     0 | D:1      | Steelrune the Gargoyle Fighter began the quest for the Orb.
     0 | D:1      | Reached XP level 1. HP: 14/14 MP: 1/1
    79 | D:1      | Reached XP level 2. HP: 19/19 MP: 2/2
   589 | D:1      | Reached XP level 3. HP: 23/23 MP: 3/3
  1084 | D:1      | Identified a scroll of acquirement
  1084 | D:1      | Acquired a manual of Axes
  1213 | D:2      | Reached XP level 4. HP: 28/28 MP: 4/4
  1325 | D:2      | Found a faded altar of an unknown god.
  1335 | D:2      | Prayed at the altar of an unknown god.
  1335 | D:2      | Became a worshipper of Jiyva Jovoux the Shapeless
  1335 | D:2      | Reached * piety under Jiyva
  1542 | D:2      | Reached skill level 5 in Axes
  1820 | D:3      | Reached ** piety under Jiyva
  2025 | D:3      | Found a shadowy altar of Dithmenos.
  2378 | D:4      | Noticed Ijyb
  2383 | D:4      | Paralysed by Ijyb for 5 turns
  2394 | D:4      | Reached XP level 5. HP: 32/32 MP: 5/5
  2398 | D:4      | Paralysed by Ijyb for 2 turns
  2400 | D:4      | Killed Ijyb
  2413 | D:4      | Found Afuader's Weapon Emporium.
  2471 | D:4      | Found a glowing drain.
  2480 | Sewer    | Entered a sewer
  2525 | Sewer    | Reached *** piety under Jiyva
  2763 | Sewer    | Gained mutation: You have an increased reservoir of magic.
                  | (+10% MP) [Jiyva's grace]
  2763 | Sewer    | Gained mutation: You have a considerably increased
                  | reservoir of magic. (+20% MP) [Jiyva's grace]
  2763 | Sewer    | Gained mutation: You have a greatly increased reservoir of
                  | magic. (+30% MP) [Jiyva's grace]
  2763 | Sewer    | Gained mutation: You expend magic power (3 MP) to
                  | strengthen your wands. [Jiyva's grace]
  2779 | Sewer    | Reached XP level 6. HP: 38/38 MP: 7/7
  3296 | D:4      | Noticed Grinder
  3305 | D:4      | Paralysed by Grinder for 2 turns
  3319 | D:4      | Killed Grinder
  3320 | D:4      | Reached skill level 4 in Fighting
  3320 | D:4      | Reached XP level 7. HP: 43/43 MP: 7/9
  3477 | D:4      | Identified the +1 rapier of Itufepuicu {antimagic, Int+3}
  3480 | D:4      | Noticed Blork the orc
  3490 | D:4      | Killed Blork the orc
  3617 | D:5      | Entered Level 5 of the Dungeon
  3646 | D:5      | Reached **** piety under Jiyva
  3720 | D:5      | Noticed a slime creature
  3858 | D:5      | Found a glowing golden altar of the Shining One.
  3858 | D:5      | Found a hide-covered altar of Uskayaw.
  3859 | D:5      | Found a shimmering blue altar of Sif Muna.
  4592 | D:6      | Reached XP level 8. HP: 27/48 MP: 5/10
  4634 | D:6      | Reached skill level 5 in Fighting
  4634 | D:6      | Reached skill level 5 in Armour
  4665 | D:6      | Reached skill level 5 in Shields
  4872 | D:6      | Lost mutation: You have a greatly increased reservoir of
                  | magic. (+30% MP) [Jiyva's grace]
  4872 | D:6      | Gained mutation: You are robust. (+10% HP) [Jiyva's grace]
  4872 | D:6      | Gained mutation: You are very robust. (+20% HP) [Jiyva's
                  | grace]
  4872 | D:6      | Gained mutation: You are extremely robust. (+30% HP)
                  | [Jiyva's grace]
  4872 | D:6      | Gained mutation: You have a small jelly attached to you
                  | that may absorb projectiles. [Jiyva's grace]
  5554 | D:7      | Noticed Pikel
  5585 | D:7      | Killed Pikel
  5586 | D:7      | Reached skill level 6 in Fighting
  5586 | D:7      | Reached skill level 10 in Axes
  5586 | D:7      | Reached XP level 9. HP: 69/71 MP: 10/10
  5756 | D:7      | Reached ***** piety under Jiyva
  5760 | D:7      | Found a staircase to the Ecumenical Temple.
  5764 | D:7      | Noticed Duvessa
  5791 | D:7      | Killed Duvessa
  5805 | D:7      | Noticed Dowan
  5841 | D:7      | Killed Dowan
  6081 | D:7      | Found a burning altar of Makhleb.
  6082 | D:7      | Noticed Menkaure
  6089 | D:7      | Killed Menkaure
  6237 | Abyss:1  | Cast into level 1 of the Abyss (orc)
  6249 | Abyss:1  | Found a corrupted altar of Lugonu.
  6346 | Abyss:1  | Reached skill level 7 in Fighting
  6356 | Abyss:1  | Killed a great orb of eyes
  6393 | Abyss:1  | Reached XP level 10. HP: 71/81 MP: 12/12
  6446 | Abyss:1  | Found a corrupted altar of Lugonu.
  6477 | Abyss:1  | Noticed a thrashing horror
  6500 | Abyss:1  | Found a corrupted altar of Lugonu.
  6504 | Abyss:1  | Noticed a large abomination
  6522 | Abyss:1  | Killed a large abomination
  6542 | D:8      | Escaped the Abyss
  6970 | D:8      | Found a glowing silver altar of Zin.
  6981 | D:8      | Found Dunkas's Antique Weapon Boutique.
  7191 | D:9      | Noticed Gastronok
  7210 | D:9      | Killed Gastronok
  7211 | D:9      | Reached skill level 8 in Fighting
  7392 | D:9      | Reached XP level 11. HP: 89/89 MP: 13/13
  7404 | D:9      | Lost mutation: You have a considerably increased reservoir
                  | of magic. (+20% MP) [Jiyva's grace]
  7404 | D:9      | Lost mutation: You are extremely robust. (+30% HP) [Jiyva's
                  | grace]
  7404 | D:9      | Gained mutation: You are covered in slimy tendrils that may
                  | disarm your opponents. [Jiyva's grace]
  7404 | D:9      | Gained mutation: Your mind is acute. (Int +4, Str/Dex -1)
                  | [Jiyva's grace]
  7404 | D:9      | Gained mutation: Your mind is very acute. (Int +8, Str/Dex
                  | -2) [Jiyva's grace]
  7404 | D:9      | Gained mutation: You have supernaturally acute eyesight.
                  | (SInv) [Jiyva's grace]
  7629 | D:9      | Found a staircase to the Orcish Mines.
  8016 | Orc:1    | Entered Level 1 of the Orcish Mines
  8026 | Orc:1    | Noticed an orc high priest
  8045 | Orc:1    | Killed an orc high priest
  8046 | Orc:1    | Reached skill level 9 in Fighting
  8077 | Orc:1    | Noticed an orc knight
  8095 | Orc:1    | Killed an orc knight
  8186 | Orc:1    | Found Lymuh's Self-Improvement Boutique.
  8255 | Orc:1    | Found Bymaw's Distillery.
  8258 | Orc:1    | Bought 2 potions of heal wounds for 120 gold pieces
  8420 | Orc:2    | Entered Level 2 of the Orcish Mines
  8420 | Orc:2    | Noticed a cyclops
  8437 | Orc:2    | Killed a cyclops
  8451 | Orc:2    | Reached ****** piety under Jiyva
  8451 | Orc:2    | Noticed a two-headed ogre
  8493 | Orc:2    | Noticed an orc sorcerer
  8501 | Orc:2    | Noticed a two-headed ogre
  8523 | Orc:2    | Noticed an orc knight
  8524 | Orc:2    | Noticed an orc knight
  8535 | Orc:1    | Killed a two-headed ogre
  8542 | Orc:2    | Noticed an orc warlord
  8566 | Orc:1    | Killed an orc knight
  8599 | Orc:1    | Killed an orc knight
  8604 | Orc:2    | Noticed a soul eater
  8610 | Orc:1    | Killed an orc sorcerer
  8611 | Orc:1    | Reached XP level 12. HP: 64/92 MP: 13/13
  8661 | Orc:1    | Killed an orc warlord
  8662 | Orc:1    | Reached skill level 1 in Throwing
  8684 | Orc:2    | Found Extoufap's Antique Weapon Shoppe.
  8881 | Orc:2    | Noticed an orc high priest
  8895 | Orc:2    | Reached skill level 10 in Armour
  8917 | Orc:2    | Noticed a two-headed ogre
  8918 | Orc:2    | Noticed a two-headed ogre
  8947 | Orc:1    | Slimified a two-headed ogre
  8947 | Orc:1    | a two-headed ogre changed into a slime creature
  8948 | Orc:1    | Killed a two-headed ogre
  8949 | Orc:1    | Reached skill level 10 in Fighting
  8949 | Orc:1    | Reached skill level 10 in Shields
  8983 | Orc:1    | Killed a two-headed ogre
  8992 | Orc:2    | Noticed an ogre mage
  9006 | Orc:2    | Slimified an orc high priest
  9006 | Orc:2    | an orc high priest changed into a slime creature
  9043 | Orc:2    | Paralysed by an ogre mage for 3 turns
  9052 | Orc:2    | Killed an ogre mage
  9077 | Orc:2    | Found Iniugemu's General Store.
  9085 | Orc:2    | Bought a lightning rod (4/4) for 360 gold pieces
  9103 | Orc:2    | Found Milar's Book Boutique.
  9187 | Orc:2    | Found Sungarch's Antique Armour Emporium.
  9228 | Orc:2    | Found Veenn's Jewellery Shoppe.
  9247 | Orc:2    | Found a staircase to the Elven Halls.
  9790 | D:10     | Entered Level 10 of the Dungeon
  9878 | D:10     | Lost mutation: Your mind is very acute. (Int +8, Str/Dex
                  | -2) [Jiyva's grace]
  9878 | D:10     | Lost mutation: Your mind is acute. (Int +4, Str/Dex -1)
                  | [Jiyva's grace]
  9878 | D:10     | Lost mutation: You have an increased reservoir of magic.
                  | (+10% MP) [Jiyva's grace]
  9878 | D:10     | Lost mutation: You are very robust. (+20% HP) [Jiyva's
                  | grace]
  9878 | D:10     | Lost mutation: You are robust. (+10% HP) [Jiyva's grace]
  9878 | D:10     | Gained mutation: Your muscles are strong. (Str +4, Int/Dex
                  | -1) [Jiyva's grace]
  9878 | D:10     | Gained mutation: Your muscles are very strong. (Str +8,
                  | Int/Dex -2) [Jiyva's grace]
  9878 | D:10     | Gained mutation: You are strong-willed. (Will+) [Jiyva's
                  | grace]
  9878 | D:10     | Gained mutation: You are highly strong-willed. (Will++)
                  | [Jiyva's grace]
  9959 | D:10     | Noticed a two-headed ogre
  9972 | D:10     | Killed a two-headed ogre
 10147 | D:10     | Found a staircase to the Lair.
 10198 | D:10     | Noticed a boulder beetle
 10206 | D:10     | Killed a boulder beetle
 10244 | D:10     | Noticed a two-headed ogre
 10248 | D:10     | Noticed a two-headed ogre
 10250 | D:10     | Reached skill level 15 in Axes
 10254 | D:10     | Reached XP level 13. HP: 83/83 MP: 13/13
 10274 | D:10     | Found the +6 shillelagh "Devastator" {shatter}
 10289 | D:10     | Noticed a war gargoyle
 10304 | D:10     | Killed a war gargoyle
 10864 | D:11     | Identified the +9 whip "Gaxevan" {venom, rCorr}
 10928 | D:11     | Reached skill level 11 in Fighting
 11737 | D:12     | Noticed Snorg
 11750 | D:12     | Killed Snorg
 11773 | D:12     | Noticed Psyche
 11783 | D:12     | Killed Psyche
 12005 | D:13     | Reached skill level 5 in Throwing
 12016 | D:13     | Lost mutation: You have supernaturally acute eyesight.
                  | (SInv) [Jiyva's grace]
 12016 | D:13     | Lost mutation: You are highly strong-willed. (Will++)
                  | [Jiyva's grace]
 12016 | D:13     | Gained mutation: You are highly strong-willed. (Will++)
                  | [Jiyva's grace]
 12016 | D:13     | Gained mutation: You are extremely strong-willed. (Will+++)
                  | [Jiyva's grace]
 12016 | D:13     | Gained mutation: You are partially covered in iridescent
                  | scales. (AC +2) [Jiyva's grace]
 12016 | D:13     | Gained mutation: You are mostly covered in iridescent
                  | scales. (AC +4) [Jiyva's grace]
 12280 | D:13     | Gained mutation: Your large and strong wings let you fly.
                  | [Gargoyle growth]
 12280 | D:13     | Reached XP level 14. HP: 91/91 MP: 14/14
 12301 | D:13     | Noticed Rupert
 12807 | Lair:1   | Entered Level 1 of the Lair of Beasts
 13617 | Lair:2   | You are sucked into a shaft and drop 2 floors!
 13625 | Lair:4   | Reached skill level 12 in Fighting
 13851 | Lair:4   | Reached skill level 1 in Evocations
 13859 | Lair:4   | Noticed Murgh's ghost (journeyman MiBe)
 13862 | Lair:4   | Noticed Urug
 13878 | Lair:4   | Killed Urug
 13893 | Lair:4   | Lost mutation: You are mostly covered in iridescent scales.
                  | (AC +4) [Jiyva's grace]
 13893 | Lair:4   | Lost mutation: You are covered in slimy tendrils that may
                  | disarm your opponents. [Jiyva's grace]
 13893 | Lair:4   | Gained mutation: You are mostly covered in iridescent
                  | scales. (AC +4) [Jiyva's grace]
 13893 | Lair:4   | Gained mutation: You are completely covered in iridescent
                  | scales. (AC +6) [Jiyva's grace]
 13893 | Lair:4   | Gained mutation: You have an increased reservoir of magic.
                  | (+10% MP) [Jiyva's grace]
 13893 | Lair:4   | Gained mutation: You have a considerably increased
                  | reservoir of magic. (+20% MP) [Jiyva's grace]
 13897 | Lair:4   | Found a transporter.
 13900 | Lair:4   | Found a transporter.
 14616 | Lair:5   | Entered Level 5 of the Lair of Beasts
 15149 | Lair:5   | Lost mutation: You have a considerably increased reservoir
                  | of magic. (+20% MP) [Jiyva's grace]
 15149 | Lair:5   | Lost mutation: You have an increased reservoir of magic.
                  | (+10% MP) [Jiyva's grace]
 15149 | Lair:5   | Lost mutation: You are extremely strong-willed. (Will+++)
                  | [Jiyva's grace]
 15149 | Lair:5   | Lost mutation: You expend magic power (3 MP) to strengthen
                  | your wands. [Jiyva's grace]
 15149 | Lair:5   | Gained mutation: Your melee attacks may engulf your foes in
                  | ooze. [Jiyva's grace]
 15149 | Lair:5   | Gained mutation: Armour fits poorly on your pseudopods.
                  | [Jiyva's grace]
 15149 | Lair:5   | Gained mutation: Armour fits poorly on your large
                  | pseudopods. [Jiyva's grace]
 15149 | Lair:5   | Gained mutation: Armour fits poorly on your massive
                  | pseudopods. [Jiyva's grace]
 15407 | Lair:5   | Reached XP level 15. HP: 89/97 MP: 15/15
 15485 | Lair:5   | Reached skill level 13 in Fighting
 15642 | Lair:5   | Found a viscous altar of Jiyva.
 15642 | Lair:5   | Found a staircase to the Slime Pits.
 15648 | Slime:1  | Entered Level 1 of the Pits of Slime
 15678 | Slime:1  | Noticed an azure jelly
 15736 | Slime:1  | Noticed an acid blob
 15899 | Slime:2  | Noticed an acid blob
 15900 | Slime:2  | Noticed an acid blob
 15904 | Slime:2  | Noticed an acid blob
 15953 | Slime:2  | Noticed an azure jelly
 15988 | Slime:2  | Noticed an acid blob
 16088 | Slime:3  | Noticed a rockslime
 16093 | Slime:3  | Noticed a rockslime
 16099 | Slime:3  | Noticed an acid blob
 16104 | Slime:3  | Noticed an acid blob
 16107 | Slime:3  | Noticed an azure jelly
 16212 | Slime:4  | Noticed an acid blob
 16274 | Slime:4  | Noticed an azure jelly
 16355 | Slime:4  | Noticed an azure jelly
 16540 | Slime:5  | Entered Level 5 of the Pits of Slime
 16540 | Slime:5  | Noticed an acid blob
 16593 | Slime:5  | Noticed an acid blob
 16605 | Slime:5  | Noticed an acid blob
 16671 | Slime:5  | Noticed a rockslime
 16672 | Slime:5  | Noticed an acid blob
 16684 | Slime:5  | Noticed the Royal Jelly
 16704 | Slime:5  | Noticed a rockslime
 16711 | Slime:5  | Found a viscous altar of Jiyva.
 16720 | Slime:5  | Identified the amulet of Giqumur {Spirit *Corrode rPois
                  | Int+9 Dex-5}
 16723 | Slime:5  | Noticed an acid blob
 16730 | Slime:5  | Identified the staff of death "Leotekhai" {rF+ rN+ Int+7
                  | Dex+4}
 16739 | Slime:5  | Identified the +9 quarterstaff of Instant Death {heavy, rC+
                  | Str+2}
 16743 | Slime:5  | Noticed a rockslime
 16746 | Slime:5  | Identified the +1 dagger of the Bear {heavy, rC+ Dex+3}
 16753 | Slime:5  | Identified the +6 chain mail "Mamp" {rN++ rCorr}
 16756 | Slime:5  | Got a slimy rune of Zot
 16773 | Slime:5  | Noticed a rockslime
 16775 | Slime:5  | Noticed an acid blob
 16777 | Slime:5  | Noticed an acid blob
 16785 | Slime:5  | Noticed an azure jelly
 16795 | Slime:5  | Noticed a rockslime
 17122 | Lair:3   | Found a hole to the Spider Nest.
 18106 | Spider:1 | Entered Level 1 of the Spider Nest
 18537 | Spider:1 | Lost mutation: You are completely covered in iridescent
                  | scales. (AC +6) [Jiyva's grace]
 18537 | Spider:1 | Lost mutation: You are mostly covered in iridescent scales.
                  | (AC +4) [Jiyva's grace]
 18537 | Spider:1 | Lost mutation: You are highly strong-willed. (Will++)
                  | [Jiyva's grace]
 18537 | Spider:1 | Gained mutation: Your translucent skin slightly reduces
                  | your foes' accuracy. (Stealth+) [Jiyva's grace]
 18537 | Spider:1 | Gained mutation: Your translucent skin reduces your foes'
                  | accuracy. (Stealth+) [Jiyva's grace]
 18537 | Spider:1 | Gained mutation: Your transparent skin significantly
                  | reduces your foes' accuracy. (Stealth+) [Jiyva's grace]
 18537 | Spider:1 | Gained mutation: You are mostly covered in iridescent
                  | scales. (AC +4) [Jiyva's grace]
 18539 | Spider:1 | Noticed an emperor scorpion
 18552 | Spider:1 | Killed an emperor scorpion
 18553 | Spider:1 | Reached skill level 5 in Evocations
 20375 | Spider:3 | Reached XP level 16. HP: 105/105 MP: 16/16
 20629 | Spider:3 | Reached skill level 14 in Fighting
 21006 | Spider:3 | Lost mutation: You are mostly covered in iridescent scales.
                  | (AC +4) [Jiyva's grace]
 21006 | Spider:3 | Lost mutation: You have a small jelly attached to you that
                  | may absorb projectiles. [Jiyva's grace]
 21006 | Spider:3 | Lost mutation: Your melee attacks may engulf your foes in
                  | ooze. [Jiyva's grace]
 21006 | Spider:3 | Gained mutation: Your melee attacks may engulf your foes in
                  | ooze. [Jiyva's grace]
 21006 | Spider:3 | Gained mutation: Your natural rate of healing is unusually
                  | fast. [Jiyva's grace]
 21006 | Spider:3 | Gained mutation: You heal very quickly. [Jiyva's grace]
 21006 | Spider:3 | Gained mutation: You regenerate. [Jiyva's grace]
 21447 | Spider:4 | Entered Level 4 of the Spider Nest
 21688 | Spider:4 | Noticed Kirke
 21701 | Spider:4 | Killed Kirke
 21893 | Spider:4 | Got a gossamer rune of Zot
 22022 | Spider:4 | Noticed Arachne
 22087 | Spider:4 | Killed Arachne
 22527 | Lair:2   | Found a staircase to the Shoals.
 22537 | Lair:2   | Noticed Maggie
 22548 | Lair:2   | Killed Maggie
 22610 | Shoals:1 | Entered Level 1 of the Shoals
 22639 | Shoals:1 | Found Dojozyow's Weapon Shoppe.
 22894 | Shoals:1 | Found a runed translucent gate.
 22894 | Shoals:1 | Found a runed translucent gate.
 22894 | Shoals:1 | Found a runed translucent gate.
 22916 | Shoals:1 | Noticed spardeous's ghost (adept DgEE)
 22916 | Shoals:1 | Noticed Ullipcorian's ghost (adept HOFi)
 22917 | Shoals:1 | Noticed Cassiopeia's ghost (journeyman MfGl)
 23069 | Shoals:1 | Reached XP level 17. HP: 112/112 MP: 17/17
 23087 | Shoals:1 | Reached skill level 15 in Armour
 23164 | Shoals:1 | Reached skill level 15 in Fighting
 23447 | Shoals:2 | Gained mutation: You passively map a small area around you.
                  | [Jiyva's grace]
 23447 | Shoals:2 | Gained mutation: You passively map the area around you.
                  | [Jiyva's grace]
 23447 | Shoals:2 | Gained mutation: You passively map a large area around you.
                  | [Jiyva's grace]
 23447 | Shoals:2 | Gained mutation: You have hidden genetic potential.
                  | [Jiyva's grace]
 23467 | Shoals:2 | Reached skill level 15 in Shields
 23557 | Shoals:2 | Noticed Jorgrun
 23569 | Shoals:2 | Killed Jorgrun
 24467 | Shoals:3 | Noticed a kraken
 24481 | Shoals:3 | Killed a kraken
 24482 | Shoals:3 | Reached skill level 16 in Fighting
 24574 | Shoals:3 | Noticed Polyphemus
 24598 | Shoals:3 | Killed Polyphemus
 25058 | Shoals:4 | Entered Level 4 of the Shoals
 25516 | Shoals:4 | Reached XP level 18. HP: 115/122 MP: 18/18
 25525 | Shoals:4 | Got the Handbook of the Amorphous Serac
 25655 | Shoals:4 | Gained mutation: You are robust. (+10% HP) [hidden
                  | potential]
 25879 | Shoals:4 | Reached skill level 17 in Fighting
 25979 | Shoals:4 | Lost mutation: You passively map a large area around you.
                  | [Jiyva's grace]
 25979 | Shoals:4 | Lost mutation: You regenerate. [Jiyva's grace]
 25979 | Shoals:4 | Lost mutation: Your muscles are very strong. (Str +8,
                  | Int/Dex -2) [Jiyva's grace]
 25979 | Shoals:4 | Lost mutation: Your muscles are strong. (Str +4, Int/Dex
                  | -1) [Jiyva's grace]
 25979 | Shoals:4 | Lost mutation: Armour fits poorly on your massive
                  | pseudopods. [Jiyva's grace]
 25979 | Shoals:4 | Lost mutation: You have hidden genetic potential. [Jiyva's
                  | grace]
 25979 | Shoals:4 | Gained mutation: You have an increased reservoir of magic.
                  | (+10% MP) [Jiyva's grace]
 25979 | Shoals:4 | Gained mutation: You have a considerably increased
                  | reservoir of magic. (+20% MP) [Jiyva's grace]
 25979 | Shoals:4 | Gained mutation: You have a greatly increased reservoir of
                  | magic. (+30% MP) [Jiyva's grace]
 25979 | Shoals:4 | Gained mutation: You expend magic power (3 MP) to
                  | strengthen your wands. [Jiyva's grace]
 26064 | Shoals:4 | Identified the +1 arbalest of Wu Jian's Inspiration
                  | {freeze, +Blink Int-3 Dex+6}
 26200 | Shoals:4 | Identified the staff of earth "Doukhle" {MP+9 Dex+2}
 26286 | Shoals:4 | Got a barnacled rune of Zot
 26565 | D:13     | Found a runed translucent gate.
 26565 | D:13     | Found a runed translucent gate.
 26565 | D:13     | Found a runed translucent gate.
 26569 | D:13     | Noticed Ralil's ghost (journeyman TrFi)
 26595 | D:13     | Killed Ralil's ghost
 26601 | D:13     | Identified the amulet "Yveuluom" {Reflect +Inv rElec rC+
                  | Will+ Int-3 SH+5}
 26621 | D:13     | Killed Rupert
 26683 | D:13     | Found a gate to the Vaults.
 26783 | D:14     | Identified the +0 tower shield "Rujun" {Int+5}
 26783 | D:14     | Noticed Louise
 26789 | D:14     | Killed Louise
 27158 | D:15     | Entered Level 15 of the Dungeon
 27521 | D:15     | Found a staircase to the Depths.
 27990 | Depths:1 | Entered Level 1 of the Depths
 28114 | Depths:1 | Found a gateway to Hell.
 28144 | Depths:1 | Reached skill level 18 in Fighting
 28382 | Depths:1 | Found a hide-covered altar of Uskayaw.
 28382 | Depths:1 | Lost mutation: Your transparent skin significantly reduces
                  | your foes' accuracy. (Stealth+) [Jiyva's grace]
 28382 | Depths:1 | Gained mutation: Your body has grown eyes which may confuse
                  | attackers. (Acc +3) [Jiyva's grace]
 28382 | Depths:1 | Gained mutation: Your body has grown many eyes which may
                  | confuse attackers. (Acc +5) [Jiyva's grace]
 28382 | Depths:1 | Gained mutation: Your body is covered in eyes which may
                  | confuse attackers. (Acc +7, SInv) [Jiyva's grace]
 28382 | Depths:1 | Gained mutation: You passively map a large area around you.
                  | [Jiyva's grace]
 28406 | Depths:1 | Found a transporter.
 28410 | Depths:1 | Noticed a juggernaut
 28708 | Shoals:1 | Killed Cassiopeia's ghost
 28709 | Shoals:1 | Killed spardeous's ghost
 28710 | Shoals:1 | Reached XP level 19. HP: 133/144 MP: 24/24
 28719 | Shoals:1 | Killed Ullipcorian's ghost
 28896 | Lair:4   | Killed Murgh's ghost
 29185 | Depths:1 | Found a one-way gate leading to the halls of Pandemonium.
 29190 | Depths:1 | Identified the +5 battleaxe "Aderr" {flame, rElec Str+2}
 29320 | Depths:1 | Found a transporter.
 29345 | Depths:1 | Identified the ring "Durus" {*Slow Will+ Int+6 SInv}
 29353 | Depths:1 | Noticed Canneaw's ghost (veteran GnDe)
 29354 | Depths:1 | Identified the ring "Pur Ureh" {rF+ rCorr Str+2 Dex+2}
 29374 | Depths:1 | Noticed Lyckin's ghost (adept DjFi)
 29814 | Depths:2 | Killed BaconRulez's ghost
 29831 | Depths:2 | You are sucked into a shaft and drop 2 floors!
 29831 | Depths:4 | Entered Level 4 of the Depths
 29831 | Depths:4 | Found a one-way gateway to a ziggurat.
 29959 | Depths:4 | Noticed a caustic shrike
 29959 | Depths:4 | Noticed a caustic shrike
 29961 | Depths:4 | Noticed a caustic shrike
 29962 | Depths:4 | Noticed a caustic shrike
 29963 | Depths:4 | Noticed a caustic shrike
 29972 | Depths:4 | Reached skill level 19 in Fighting
 29973 | Depths:4 | HP: 6/145 [fire dragon/blast of flame (46)]
 29974 | Depths:4 | Mangled by a caustic shrike

Illustrated notes

Levels and vault maps discovered:
D:1:      erik_arrival_triangle_small, layout_basic, minmay_tetromino_s4
D:2:      layout_rooms, hellmonk_ecumenical_altar_crossroads
D:3:      layout_basic, lemuel_round_altar
D:4:      layout_cave_pools, portal_sewer_entry_d, serial_shops,
          nicolae_shop_tiny_real_fake_doors, minmay_quadrilaterals,
          uniq_grinder, uniq_blork_the_orc, uniq_ijyb
D:5:      layout_cave_pods, chequers_temple_overflow_statue_of_worship,
          serial_demonic, serial_demonic_f, serial_demonic_d, serial_demonic_c,
          serial_demonic_b
D:6:      layout_loops_ring, chequers_mini_garden, serial_bayou_ford_a,
          nicolae_elevator_lobby_asterisk
D:7:      layout_loops_ring, makhleb_grotto_becter, minmay_temple_entry_tees,
          uniq_pikel, uniq_menkaure, uniq_duvessa
D:8:      layout_loops_ring, lemuel_crystal_altar, serial_shops, shop
D:9:      layout_irregular_city, hiddenorc2_lemuel, minmay_gold_behind_fungi,
          uniq_gastronok
D:10:     minmay_roctagon, layout_basic, lair_entry_dummy
D:11:     layout_irregular_city, patterned_corridor
D:12:     layout_cave_pools, uniq_snorg, uniq_psyche
D:13:     layout_cave_pools, hangedman_vaults_entry_quadrant_bands, serial_ice,
          serial_ice_o, serial_ice_i, serial_ice_e, serial_ice_h, serial_ice_f,
          serial_ice_n, ebering_ghost_rock_garden, uniq_rupert
D:14:     layout_rooms, minmay_liquid_box, uniq_louise
D:15:     gammafunk_enter_depths_forms, layout_stronghold,
          nicolae_triple_integral
Lair:1:   layout_loops_ring
Lair:2:   layout_regular_city, elwin_shoals_entry_rocks, uniq_maggie
Lair:3:   layout_cave_pods, nicolae_spider_entry_orb_guardian,
          lemuel_fruit_fields, infiniplex_staircase_pool_2, grunt_megastairs_5
Lair:4:   layout_regular_city, gammafunk_ghost_hive, grunt_megastairs_2,
          uniq_urug
Lair:5:   evilmike_catoblepas_cave, layout_regular_city, dpeg_slime_entry_corner
Shoals:1: layout_shoals, gammafunk_ghost_cemetery, serial_shops, shop,
          ldierk_geyser
Shoals:2: cheibrodos_shoals_baths, layout_shoals,
          nicolae_shoals_square_sea_wall, uniq_jorgrun
Shoals:3: layout_shoals, uniq_polyphemus
Shoals:4: shoals_end_hangedman, layout_shoals, nicolae_shoals_water_shrine
Spider:1: layout_spider_delve
Spider:2: layout_spider_delve
Spider:3: layout_chambers, nicolae_spider_rock_and_or_roll
Spider:4: grunt_spider_rune_parallel, uniq_kirke, uniq_arachne
Slime:1:  cheibrodos_slime_lost_civilization_8, layout_caves
Slime:2:  layout_caves
Slime:3:  layout_caves, uniq_dissolution
Slime:4:  layout_caves, nicolae_slime_welcoming_committee
Slime:5
Orc:1:    layout_caves, serial_shops, nicolae_shop_behind_doors,
          nicolae_shop_self_help
Orc:2:    grunt_orc_gardens, layout_caves, grunt_orc_garden, grunt_orc_garden,
          grunt_orc_garden, grunt_orc_garden, serial_shops, shop
Depths:1: layout_gridville, minmay_misc_feat_plants, pan_entry,
          nzn_ghost_randoct, hell_entry, minmay_misc_feat_rows,
          kennysheep_doodads, amcnicky_mini_corridor_feature, minivault_16,
          st_stairs_10, nicolae_uskayaw_murder_on_the_dancefloor
Depths:2: minmay_the_grid_triangle_9x9_rhombus_thin_mashed
          [minmay_the_grid_triangle_9x9_zippers_vertical,
          minmay_the_grid_triangle_9x9_prize_special,
          minmay_the_grid_triangle_9x9_negative_grid,
          minmay_the_grid_triangle_9x9_fully_insulated_deathbox],
          layout_cave_pools, hell_entry, pan_entry, gammafunk_ghost_ooze,
          hangedman_decor_diamond_cutter
Depths:4: grunt_zot_entry_funnels, layout_cave_pools, enter_ziggurat_c,
          nicolae_trove_entry_crossroad, pf_dread_powers_of_hell,
          hangedman_abyss_entry_splay, nicolae_water_bricks

Skill      XL: |  1  2  3  4  5  6  7  8  9 10 11 12 13 14 15 16 17 18 19 |
---------------+----------------------------------------------------------+-----
Axes           | 2 3 4 5 6 8 10 12 13 14 15 16 17 18 | 18.8
Fighting       | 4 6 7 8 9 10 11 12 13 14 16 18 19 | 19.0
Armour         | 4 6 7 8 9 10 11 12 13 14 15 16 17 | 17.1
Shields        | 4 6 7 8 9 10 11 12 13 14 15 16 17 | 17.1
Throwing       | 3 5 6 |  6.2
Evocations     | 3 5 7 |  7.6

Action                     |  1- 3 |  4- 6 |  7- 9 | 10-12 | 13-15 | 16-18 | 19-21 || total
---------------------------+-------+-------+-------+-------+-------+-------+-------++-------
  Melee: War axe           |    97 |   204 |   365 |   752 |  1051 |   972 |    39 ||  3480
         Shillelagh        |       |       |       |       |    24 |       |       ||    24
         Pseudopods        |       |       |       |       |   107 |   289 |    70 ||   466
         Broad axe         |       |       |       |       |       |   298 |   153 ||   451
         Demon trident     |       |       |       |       |       |    37 |    32 ||    69
  Throw: Stone             |    12 |       |       |       |       |       |       ||    12
         Dart              |     1 |     1 |    30 |    72 |   103 |    65 |    18 ||   290
         Throwing net      |       |       |       |     1 |     1 |       |       ||     2
         Boomerang         |       |       |       |       |       |     3 |       ||     3
 Invoke: Slimify           |       |       |     1 |     2 |       |       |       ||     3
  Evoke: Wand              |       |     4 |     5 |     6 |    14 |    29 |     3 ||    61
         Lightning rod     |       |       |       |       |     4 |     9 |       ||    13
         Phantom mirror    |       |       |       |       |       |     1 |       ||     1
    Use: Scroll            |     5 |     1 |     8 |       |    12 |     9 |     1 ||    36
         Potion            |       |     1 |     1 |     3 |     6 |    15 |     3 ||    29
   Stab: Paralysed         |       |     3 |       |       |       |     3 |       ||     6
         Distracted        |       |       |       |     1 |       |     1 |       ||     2
         Petrified         |       |       |       |       |     6 |       |       ||     6
         Confused          |       |       |       |       |       |       |    10 ||    10
 Armour: Scale mail        |    40 |       |       |       |       |       |       ||    40
         Plate armour      |    15 |   120 |   263 |   396 |   466 |       |       ||  1260
         Chain mail        |       |       |       |       |   171 |   864 |    85 ||  1120
  Dodge: Dodged            |    36 |   117 |   172 |   388 |   526 |   834 |    76 ||  2149
  Block: Buckler           |    19 |    52 |    66 |    12 |       |       |       ||   149
         Kite shield       |       |       |       |   376 |   528 |   715 |       ||  1619
         Tower shield      |       |       |       |       |       |   181 |   223 ||   404
         Reflection        |       |       |       |       |       |    17 |     1 ||    18
